 Dungeon Crawl Stone Soup version 0.23-a0-61-g4bf3f6c (console) character file.

4893 nht the Martial Artist (level 10, -34/70 HPs)
             Began as a Demonspawn Monk on Aug 9, 2018.
             Was a High Priest of Dithmenos.
             Annihilated by a two-headed ogre
             ... wielding a +0 giant spiked club
              (37 damage)
             ... on level 9 of the Dungeon.
             The game lasted 00:16:17 (7702 turns).

nht the Martial Artist (Demonspawn Monk)            Turns: 7702, Time: 00:16:18

Health: -34/70     AC:  8    Str: 13    XL:     10   Next: 26%
Magic:  19/19      EV: 13    Int: 14    God:    Dithmenos [*****.]
Gold:   469        SH:  5    Dex: 17    Spells: 8/9 levels left

rFire    . . .     SeeInvis .     - Unarmed
rCold    . . .     Gourm    .   x - +0 buckler
rNeg     + . .     Faith    +   k - +2 robe {rN+}
rPois    +         Spirit   .   (no helmet)
rElec    +         Reflect  .   (no cloak)
rCorr    .         Harm     .   (no gloves)
MR       .....                  (no boots)
Stlth    ++++++++..             s - amulet of faith
HPRegen  0.21/turn              G - ring of Summertime {rPois Dex+2}
MPRegen  0.16/turn              i - ring of magical power

@: confusing touch, wreathed by umbra
A: claws 1, thin metallic scales 3, nightstalker 1
a: Shadow Step, Shadow Form, Renounce Religion


You were on level 9 of the Dungeon.
You worshipped Dithmenos.
Dithmenos was extremely pleased with you.
You were not hungry.

You visited 1 branch of the dungeon, and saw 11 of its levels.
You also visited: Ossuary.

You collected 469 gold pieces.

Inventory:

Missiles
 w - 14 tomahawks (quivered)
 y - a throwing net
 B - 6 exploding tomahawks
Armour
 k - a +2 robe of positive energy (worn)
 x - a +0 buckler (worn)
 E - a +2 large shield
Jewellery
 i - a ring of magical power (right claw)
 m - an uncursed ring of ice
 s - an amulet of faith (around neck)
 G - the ring of Summertime (left claw) {rPois Dex+2}
   (You found it on level 7 of the Dungeon)

   [ring of poison resistance]

   It affects your dexterity (+2).
   It protects you from poison.
Wands
 d - a wand of digging (24)
 l - a wand of paralysis (12)
 v - a wand of flame (29)
Scrolls
 g - 6 scrolls of teleportation
 j - 2 scrolls of fear
 p - 4 scrolls of amnesia
 t - 2 scrolls of immolation
 A - 2 scrolls of enchant weapon
 C - a scroll of fog
Potions
 a - a potion of berserk rage {unknown}
 e - 3 potions of curing
 f - 2 potions of flight
 h - 2 potions of resistance
 n - a potion of haste
 o - 3 potions of ambrosia
 q - a potion of invisibility
 r - 2 potions of lignification
 u - a potion of magic
 z - a potion of heal wounds
Comestibles
 b - 15 rations
 D - 5 chunks of flesh


   Skills:
 - Level 3.0 Fighting
 - Level 2.6 Dodging
 - Level 8.0 Stealth
 - Level 4.0 Shields
 + Level 9.9 Unarmed Combat
 + Level 6.2 Hexes


You had 8 spell levels left.
You knew the following spells:

 Your Spells              Type           Power        Failure   Level  Hunger
a - Confusing Touch       Hex            ###...       2%          1    ##.....

Your spell library contained the following spells:

 Spells                   Type           Power        Failure   Level  Hunger
 Fireball                 Conj/Fire      #.........   100%        5    ######.
 Conjure Flame            Conj/Fire      #.......     65%         3    ####...
 Confuse                  Hex            ###.....     7%          3    ####...
 Throw Flame              Conj/Fire      #.....       41%         2    ###....
 Sticky Flame             Conj/Fire      #.......     96%         4    #####..
 Flame Tongue             Conj/Fire      #....        28%         1    ##.....
 Metabolic Englaciation   Hex/Ice        #.........   92%         5    ######.
 Petrify                  Tmut/Erth      #.......     96%         4    #####..
 Inner Flame              Hex/Fire       #.......     24%         3    ####...
 Gell's Gravitas          Tloc           #.........   65%         3    ####...
 Yara's Violent Unravell  Hex/Tmut       #.........   92%         5    ######.


Dungeon Overview and Level Annotations

Branches:
Dungeon (11/15)            Temple (0/1) D:4
   Lair: D:8-11         Orc: D:9-12

Altars:
Ashenzari
Dithmenos
Elyvilon
Fedhas
Gozag
Nemelex Xobeh
Qazlal
Sif Muna
Vehumet
The Shining One

Annotations:
D:4 exclusion: slave
D:5 exclusion: scorpion


Innate Abilities, Weirdness & Mutations

You have sharp fingernails.
You are completely covered in thin metallic scales. (AC +4, rElec)
You are slightly more attuned to the shadows.


Message History

Your claws begin to glow red.
The two-headed ogre hits you with a giant spiked club!
The two-headed ogre hits you with a giant club!
* * * LOW HITPOINT WARNING * * *
You scratch the two-headed ogre but do no damage.
The two-headed ogre is severely wounded.
You scratch the two-headed ogre but do no damage.
The two-headed ogre is severely wounded.
The two-headed ogre hits you with a giant spiked club!!
* * * LOW HITPOINT WARNING * * *
The two-headed ogre misses you.
Unknown command.
Evoke which item? (* to show all) (? for menu, Esc to quit)
Aiming: Paralyse
Press: ? - help, Shift-Dir - straight line, f - two-headed ogre
Aim: a two-headed ogre, wielding a giant spiked club and a giant club (severely wounded, chance to confuse on hit: 46%, umbra, chance to defeat MR: 28%)
The two-headed ogre easily resists.
The two-headed ogre hits you with a giant spiked club!!!
Ouch! That really hurt!
You die...

.>........................██.█..
..........................██....
.........................█.█.█.
█......................███.█..
█......................█ ██.█. ..
█...(..................█ █....
...█.....................██ █....
...█..(..................███████.
................@................
.....)....████.O██.███████████.██
.....)...K████l███.█ █.█
..........K)K......█ █.█
.=......(███████...█ █.██
.........█.....█...███████████...
.........'.....█...............██
...............█.██████████....█
........_......█.█ █....█


You could see a two-headed ogre, a leopard gecko and a kobold.

Vanquished Creatures
  Pikel (D:4)
  A hippogriff (D:9)
  4 hogs (D:7)
  A human (D:7)
  Menkaure (D:7)
  A hungry ghost (D:7)
  3 ice beasts
  2 phantoms
  A sky beast (D:5)
  A hornet zombie (D:8)
  3 ogres
  4 orc warriors
  A centaur (D:5)
  2 big kobolds (D:9)
  Blork the orc (D:4)
  8 bullfrogs
  A scorpion (D:7)
  3 wights (D:4)
  A howler monkey (D:6)
  4 crimson imps
  A bullfrog zombie (D:6)
  2 centaur zombies
  A hound (D:7)
  2 human zombies (Ossuary)
  3 orc priests
  A bullfrog skeleton (D:4)
  A jelly (D:5)
  2 orc wizards (D:9)
  A centaur skeleton (D:4)
  5 iguanas
  4 worker ants
  3 big kobold zombies (Ossuary)
  A hound zombie (D:7)
  A hound skeleton (D:6)
  2 mummies (Ossuary)
  A worker ant zombie (D:11)
  9 adders
  3 gnolls (D:7)
  2 shadow imps
  3 oozes
  An adder zombie (Ossuary)
  An adder skeleton (D:7)
  A dart slug (D:1)
  4 leopard geckos
  26 orcs
  4 bats
  5 giant cockroaches
  9 goblins
  6 hobgoblins
  3 jackals (D:5)
  5 quokkas
  A ball python (D:5)
  A frilled lizard (D:1)
  2 goblin zombies (Ossuary)
  12 hobgoblin zombies (Ossuary)
  7 kobolds
  7 kobold zombies (Ossuary)
  8 orc zombies (Ossuary)
  A quokka skeleton (D:4)
  A quokka zombie (D:5)
  5 rats
  A rat zombie (Ossuary)
203 creatures vanquished.

Vanquished Creatures (others)
  A giant cockroach (D:4)
  3 plants (D:11)
4 creatures vanquished.

Grand Total: 207 creatures vanquished

Notes
Turn   | Place    | Note
-------+----------+-------------------------------------------
     0 | D:1      | nht the Demonspawn Monk began the quest for the Orb.
     0 | D:1      | Reached XP level 1. HP: 18/18 MP: 1/1
   110 | D:1      | Reached skill level 3 in Unarmed Combat
   110 | D:1      | Gained mutation: You are slightly more attuned to the shadows. [demonic ancestry]
   110 | D:1      | Reached XP level 2. HP: 18/24 MP: 2/2
   701 | D:1      | Gained mutation: You are partially covered in thin metallic scales. (AC +2) [demonic ancestry]
   701 | D:1      | Reached XP level 3. HP: 24/29 MP: 3/3
   777 | D:2      | Found a shadowy altar of Dithmenos.
   836 | D:2      | Became a worshipper of Dithmenos the Shadowed
   836 | D:2      | Reached * piety under Dithmenos
   836 | D:2      | Reached ** piety under Dithmenos
   921 | D:2      | Found a shattered altar of Ashenzari.
   979 | D:2      | Found a white marble altar of Elyvilon.
  1045 | D:2      | Found a deep blue altar of Sif Muna.
  1168 | D:2      | Found a stormy altar of Qazlal.
  1577 | D:3      | Found a blossoming altar of Fedhas.
  1867 | D:3      | Found a glowing golden altar of the Shining One.
  1995 | D:3      | Reached XP level 4. HP: 35/35 MP: 4/4
  2231 | D:4      | Noticed Blork the orc
  2247 | D:4      | Killed Blork the orc
  2247 | D:4      | Reached skill level 4 in Unarmed Combat
  2247 | D:4      | Gained mutation: You have sharp fingernails. [demonic ancestry]
  2247 | D:4      | Reached XP level 5. HP: 27/41 MP: 5/5
  2363 | D:4      | Noticed a slave
  2409 | D:5      | Entered Level 5 of the Dungeon
  2548 | D:5      | Noticed a sky beast
  2578 | D:5      | Killed a sky beast
  2578 | D:5      | Reached XP level 6. HP: 18/47 MP: 6/6
  2739 | D:5      | Reached skill level 5 in Stealth
  2739 | D:5      | Reached skill level 5 in Unarmed Combat
  3059 | D:5      | Found a sand-covered staircase.
  3072 | Ossuary  | Entered an ossuary
  3139 | Ossuary  | Reached *** piety under Dithmenos
  3234 | Ossuary  | Reached XP level 7. HP: 43/52 MP: 7/7
  3618 | D:4      | Noticed Pikel
  3665 | D:4      | Killed Pikel
  3665 | D:4      | Reached skill level 6 in Unarmed Combat
  3665 | D:4      | Gained mutation: You are mostly covered in thin metallic scales. (AC +3) [demonic ancestry]
  3665 | D:4      | Reached XP level 8. HP: 14/58 MP: 8/8
  3771 | D:4      | Found a staircase to the Ecumenical Temple.
  3960 | D:4      | Reached skill level 7 in Unarmed Combat
  4078 | D:4      | Reached **** piety under Dithmenos
  4551 | D:6      | Reached skill level 1 in Shields
  4574 | D:6      | Found a sparkling altar of Nemelex Xobeh.
  5363 | D:7      | Reached skill level 8 in Unarmed Combat
  5363 | D:7      | Gained mutation: You are completely covered in thin metallic scales. (AC +4, rElec) [demonic ancestry]
  5363 | D:7      | Reached XP level 9. HP: 63/63 MP: 9/9
  5366 | D:7      | Learned a level 1 spell: Confusing Touch
  5416 | D:7      | Noticed Menkaure
  5420 | D:7      | Found a radiant altar of Vehumet.
  5426 | D:7      | Killed Menkaure
  5426 | D:7      | Reached skill level 1 in Hexes
  5876 | D:7      | Got a bound gossamer ring
  5908 | D:7      | Identified the ring of Summertime {rPois Dex+2} (You found it on level 7 of the Dungeon)
  6238 | D:7      | Reached skill level 9 in Unarmed Combat
  6669 | D:8      | Reached ***** piety under Dithmenos
  6687 | D:8      | Reached skill level 5 in Hexes
  6971 | D:8      | Reached XP level 10. HP: 62/70 MP: 10/10
  7009 | D:8      | You fall through a shaft for 3 floors!
  7263 | D:10     | Entered Level 10 of the Dungeon
  7372 | D:9      | Found an opulent altar of Gozag.
  7413 | D:9      | Noticed a two-headed ogre
  7663 | D:9      | Noticed a two-headed ogre
  7697 | D:9      | HP: 2/70 [two-headed ogre/giant spiked club (19)]
  7702 | D:9      | Annihilated by a two-headed ogre

Vault maps used:
D:1:      zelgadis_glass_arrival_small
D:2:      lemuel_round_altar, led_sif_pool, lemuel_crystal_altar,
          lemuel_round_altar, lemuel_doored_altar, first_ration
D:3:      kennysheep_the_goblin_king, tso_altar, fedhas_altar_4
D:4:      temple_green, portal_sewer_entry_d, uniq_pikel, uniq_blork_the_orc
D:5:      nicolae_ossuary_entry_monument
D:6:      lemuel_round_altar
D:7:      vehumet_crystals, grunt_livestock, feat_on_display, uniq_menkaure
D:8:      kennysheep_mini
D:9:      hangedman_cross_stitches, eat_drink_and_be_merry_uskayaw,
          nicolae_gozag_seed_capital, basic_altar, serial_shops, shop,
          minivault_24, wad_floor_pattern_1, minmay_misc_feat_rugged
D:10:     zombieorc1_lemuel, serial_shops, shop, shop, kennysheep_mini_moat
D:11:     david_lair_shrubbed
Ossuary:  ossuary_tomb_1

Skill      XL: |  1  2  3  4  5  6  7  8  9 10 |
---------------+-------------------------------+-----
Stealth        | 2 3 4 5 6 8 |  8.0
Unarmed Combat | 3 4 5 6 8 9 |  9.9
Shields        | 2 4 |  4.0
Hexes          | 5 6 |  6.2
Fighting       | |  3.0
Dodging        | |  2.6

Action                   |  1- 3 |  4- 6 |  7- 9 | 10-12 || total
-------------------------+-------+-------+-------+-------++-------
Melee: Unarmed           |   154 |   176 |   397 |   149 ||   876
       Punch             |     2 |     3 |     5 |       ||    10
 Cast: Confusing Touch   |       |       |       |    19 ||    19
Evoke: Wand              |       |       |     8 |    17 ||    25
  Use: Scroll            |     9 |     7 |     8 |     1 ||    25
       Potion            |       |     4 |     2 |       ||     6
 Stab: Sleeping          |    14 |    17 |    22 |     5 ||    58
       Distracted        |       |     1 |     1 |       ||     2
       Confused          |       |       |       |    11 ||    11
       Paralysed         |       |       |       |     1 ||     1
  Eat: Chunk             |     4 |     3 |    15 |     3 ||    25
Armor: Robe              |    26 |    36 |    68 |    27 ||   157
       Skin              |       |     5 |       |       ||     5
Dodge: Dodged            |   112 |    97 |   188 |    84 ||   481
Block: Buckler           |       |       |    29 |    36 ||    65

Table legend:
 A = Non-vault XP
 B = Vault XP
 C = Vault XP percentage of total XP
 D = Non-vault monster count
 E = Vault monster count
 F = Vault count percentage of total count
 G = Total turns spent on level
                 A         B        C        D         E       F
            +---------+---------+-------+---------+---------+-------
      Total |    4538 |    2452 |  35.1 |     146 |      57 |  28.1
            +---------+---------+-------+---------+---------+-------
        D:1 |      41 |       0 |   0.0 |      20 |       0 |   0.0
        D:2 |      21 |       0 |   0.0 |       5 |       0 |   0.0
        D:3 |      22 |      14 |  38.9 |       6 |       7 |  53.8
        D:4 |     527 |     729 |  58.0 |      19 |       3 |  13.6
        D:5 |     421 |       0 |   0.0 |      17 |       0 |   0.0
        D:6 |     692 |       0 |   0.0 |      12 |       0 |   0.0
        D:7 |     907 |    1187 |  56.7 |      18 |       6 |  25.0
        D:8 |     723 |       0 |   0.0 |      13 |       0 |   0.0
        D:9 |     553 |     246 |  30.8 |      18 |       2 |  10.0
       D:10 |     421 |       0 |   0.0 |       6 |       0 |   0.0
       D:11 |     210 |       0 |   0.0 |      12 |       0 |   0.0
    Ossuary |       0 |     276 | 100.0 |       0 |      39 | 100.0
            +---------+---------+-------+---------+---------+-------
